AoeStats
← BronzyRex6

Arabia

503123345Analyzed
1v1 RM · 1mo ago on Aug 30, 2026· 118m 32s· 2 players
Game mode
Random Map
Map size
Tiny (2 player)
Population
200
Speed
Normal
Resources
Standard
Victory
Conquest
Starting age
Dark Age
Ending age
Imperial Age
RankedLock teamsTeams togetherTeam positionsShared explorationLock speedFull tech treeHidden civsTurbo modeCheats
Victory
Defeat
🇭🇺 Khmer · Hungary
425
+12
🇮🇳 Lithuanians · India
330
-12
KnightInTraining
4:21 Loom
9:24 Feudal Age
10:04 Double-Bit Axe
11:03 Wheelbarrow
17:18 Gold Mining
19:28 Town Watch
22:21 Castle Age
22:46 Bloodlines
25:18 Stone Mining
28:30 Bow Saw
31:02 Horse Collar
31:43 Husbandry
37:01 Imperial Age
35:54 Forging
36:46 Scale Barding Armor
38:26 Pikeman
39:38 Hand Cart
40:25 Conscription
40:19 Heavy Plow
42:05 Iron Casting
41:33 Light Cavalry
43:33 Chemistry
44:11 Two-Man Saw
42:56 Halberdier
43:49 Scale Mail Armor
46:53 Chain Mail Armor
47:00 Chain Barding Armor
48:01 Squires
48:48 Masonry
49:36 Crop Rotation
48:43 Onager
49:16 Elite Leitis
53:45 Stone Shaft Mining
53:44 Tower Shields
54:55 Plate Barding Armor
56:26 Ballistics
57:07 Treadmill Crane
64:27 Fletching
65:15 Architecture
83:31 Murder Holes
85:02 Capped Ram
99:46 Winged Hussar
BronzyRex6
1:10 Loom
11:49 Feudal Age
18:00 Castle Age
21:30 Wheelbarrow
28:14 Gold Mining
28:22 Horse Collar
34:27 Double-Bit Axe
37:17 Imperial Age
34:33 Town Watch
37:38 Scale Barding Armor
37:44 Forging
38:53 Double Crossbow
40:26 Elite Ballista Elephant
41:42 Conscription
43:46 Chemistry
45:06 Bow Saw
46:24 Chain Barding Armor
46:40 Iron Casting
45:56 Fletching
48:09 Plate Barding Armor
48:29 Hand Cart
48:15 Town Patrol
49:25 Blast Furnace
48:46 Bloodlines
48:36 Husbandry
50:08 Heavy Plow
57:21 Murder Holes
57:39 Fortified Wall
57:29 Bodkin Arrow
57:18 Cavalier
60:03 Gold Shaft Mining
65:10 Pikeman
65:56 Scale Mail Armor
66:53 Halberdier
68:25 Crop Rotation
71:37 Chain Mail Armor
83:29 Light Cavalry
Connection lost

Rejoining the realm…

Still unreachable

The connection could not be restored.

Session expired

The server has moved on; the page needs a fresh start.